[ AOE2 MATCH · #477509006 ]
UnrankedGeorgians vs Spanish
[ REPLAY ANALYSIS · EXTRACTED FROM THE RECORDED GAME ]
Feudal
—
Castle
—
Imperial
—
| APM avg | 1.9 |
| APM peak | 67 |
| eAPM avg | 0.4 |
| Villagers / military | 6 / 0 |
Focus
⚔️ 0.0% · 🌾 100.0%
Feudal
—
Castle
—
Imperial
—
| APM avg | 1.9 |
| APM peak | 45 |
| eAPM avg | 0.5 |
| Villagers / military | 5 / 0 |
Focus
⚔️ 0.0% · 🌾 100.0%
Feudal
12:53
Castle
17:03
Imperial
38:47
| APM avg | 54.0 |
| APM peak | 114 |
| eAPM avg | 32.9 |
| Villagers / military | 143 / 3 |
Focus
⚔️ 30.6% · 🌾 69.4%
Unknown (2579) ×184 · Unknown (2550) ×108 · Trebuchet (Packed) ×3
Feudal
13:21
Castle
17:05
Imperial
39:21
| APM avg | 55.0 |
| APM peak | 91 |
| eAPM avg | 29.1 |
| Villagers / military | 180 / 216 |
Focus
⚔️ 39.4% · 🌾 60.6%
War Wagon ×171 · Iron Pagoda ×31 · Bombard Cannon ×12 · Trebuchet (Packed) ×2
Feudal
—
Castle
—
Imperial
—
| APM avg | 2.7 |
| APM peak | 53 |
| eAPM avg | 1.0 |
| Villagers / military | 5 / 0 |
Focus
⚔️ 16.7% · 🌾 83.3%
Feudal
—
Castle
—
Imperial
—
| APM avg | 1.5 |
| APM peak | 39 |
| eAPM avg | 0.8 |
| Villagers / military | 4 / 0 |
Focus
⚔️ 29.4% · 🌾 70.6%
Feudal
—
Castle
—
Imperial
—
| APM avg | 1.5 |
| APM peak | 46 |
| eAPM avg | 0.6 |
| Villagers / military | 0 / 0 |
Focus
⚔️ 36.4% · 🌾 63.6%
Feudal
—
Castle
—
Imperial
—
| APM avg | 1.5 |
| APM peak | 34 |
| eAPM avg | 0.4 |
| Villagers / military | 4 / 0 |
Focus
⚔️ 0.0% · 🌾 100.0%
Match map
Initial resources + every placement click. Lines = walls · curves = elevation contours. ◆ gold · ⬟ stone · ● berries · ✦ relic · ◌ wall gap
Your base· Open — unwalled flank
leom1a210343's base· Open — unwalled flank
Marlin's base· Open — 12t gap
Nyanko's base· Open — unwalled flank
1y's base· Open — unwalled flank
Pyrrhos's base· Open — 13t gap
Alita's base· Open — unwalled flank
Simplemente Amate's base· Open — unwalled flank
Smoothed initial terrain · ◌ = detected wall gap · hover for details
Inputs per minute
— ike - - leom1a210343
Build order — ike
8 actions detected in the replay
| 0:05 | Build | Town Center |
| 2:23 | Build | House |
| 2:24 | Create | Villager (Male) |
| 2:24 | Create | Villager (Male) |
| 2:25 | Create | Villager (Male) |
| 2:25 | Create | Villager (Male) |
| 2:25 | Create | Villager (Male) |
| 3:16 | Create | Villager (Male) |
Build order — leom1a210343
7 actions detected in the replay
| 0:41 | Build | Town Center |
| 2:32 | Build | House |
| 2:45 | Create | Villager (Male) |
| 2:45 | Create | Villager (Male) |
| 2:45 | Create | Villager (Male) |
| 2:46 | Create | Villager (Male) |
| 2:46 | Create | Villager (Male) |
Build order — Marlin
First 150 of 568 actions detected
| 0:10 | Build | Town Center |
| 1:32 | Build | House |
| 2:04 | Build | House |
| 2:21 | Create | Villager (Male) |
| 2:21 | Create | Villager (Male) |
| 2:21 | Create | Villager (Male) |
| 2:22 | Create | Villager (Male) |
| 2:51 | Research | Loom |
| 3:18 | Create | Villager (Male) |
| 3:36 | Create | Villager (Male) |
| 3:58 | Create | Villager (Male) |
| 4:13 | Build | Settlement |
| 4:22 | Create | Villager (Male) |
| 4:34 | Create | Villager (Male) |
| 4:47 | Create | Villager (Male) |
| 5:25 | Create | Villager (Male) |
| 6:07 | Create | Villager (Male) |
| 6:43 | Create | Villager (Male) |
| 6:44 | Create | Villager (Male) |
| 6:45 | Create | Villager (Male) |
| 7:27 | Build | Settlement |
| 7:36 | Create | Villager (Male) |
| 8:02 | Build | House |
| 8:09 | Build | House |
| 8:32 | Create | Villager (Male) |
| 8:33 | Create | Villager (Male) |
| 8:51 | Create | Villager (Male) |
| 9:25 | Create | Villager (Male) |
| 9:26 | Create | Villager (Male) |
| 9:58 | Build | House |
| 10:15 | Build | House |
| 10:24 | Build | Settlement |
| 10:27 | Build | House |
| 10:36 | Research | Feudal Age |
| 10:42 | Build | House |
| 12:50 | Build | House |
| 12:53 | Age | Feudal Age |
| 12:57 | Create | Villager (Male) |
| 13:10 | Build | Market |
| 13:26 | Build | Blacksmith |
| 13:29 | Create | Villager (Male) |
| 13:30 | Create | Villager (Male) |
| 14:18 | Build | Settlement |
| 14:23 | Research | Castle Age |
| 14:51 | Research | Double-Bit Axe |
| 15:53 | Create | Villager (Male) |
| 16:15 | Create | Villager (Male) |
| 16:25 | Research | Horse Collar |
| 17:03 | Age | Castle Age |
| 17:06 | Build | Town Center |
| 17:31 | Create | Villager (Male) |
| 18:11 | Create | Villager (Male) |
| 18:14 | Research | Bow Saw |
| 18:32 | Create | Villager (Male) |
| 18:47 | Build | Castle |
| 18:52 | Create | Villager (Male) |
| 19:04 | Create | Villager (Male) |
| 19:05 | Create | Villager (Male) |
| 19:20 | Create | Villager (Male) |
| 19:55 | Create | Villager (Male) |
| 19:56 | Create | Villager (Male) |
| 20:08 | Create | Unit 2579 |
| 20:09 | Create | Unit 2579 |
| 20:11 | Create | Villager (Male) |
| 20:16 | Create | Unit 2579 |
| 20:23 | Build | Farm |
| 20:24 | Build | Farm |
| 20:30 | Create | Unit 2579 |
| 20:32 | Research | Fletching |
| 20:41 | Create | Unit 2579 |
| 20:46 | Create | Villager (Male) |
| 20:58 | Create | Unit 2579 |
| 21:02 | Create | Villager (Male) |
| 21:16 | Create | Unit 2579 |
| 21:23 | Create | Unit 2579 |
| 21:26 | Create | Villager (Male) |
| 21:37 | Create | Unit 2579 |
| 21:41 | Create | Unit 2579 |
| 21:51 | Create | Unit 2579 |
| 21:53 | Create | Villager (Male) |
| 21:53 | Create | Villager (Male) |
| 21:54 | Create | Villager (Male) |
| 22:07 | Create | Unit 2579 |
| 22:14 | Create | Unit 2579 |
| 22:16 | Create | Villager (Male) |
| 22:28 | Create | Villager (Male) |
| 22:37 | Create | Unit 2579 |
| 22:47 | Build | Farm |
| 22:48 | Build | Farm |
| 22:49 | Build | Farm |
| 22:54 | Create | Villager (Male) |
| 22:55 | Create | Villager (Male) |
| 23:03 | Create | Villager (Male) |
| 23:20 | Build | Siege Workshop |
| 23:29 | Create | Villager (Male) |
| 23:30 | Create | Villager (Male) |
| 23:46 | Build | Settlement |
| 24:07 | Create | Unit 2579 |
| 24:35 | Research | Bodkin Arrow |
| 25:02 | Build | Town Center |
| 25:16 | Create | Unit 2579 |
| 25:17 | Create | Villager (Male) |
| 25:18 | Create | Villager (Male) |
| 25:28 | Create | Unit 2579 |
| 25:34 | Build | Castle |
| 25:37 | Build | Farm |
| 25:37 | Build | Farm |
| 25:38 | Build | Farm |
| 25:39 | Build | Farm |
| 25:40 | Build | Farm |
| 25:40 | Build | Farm |
| 25:42 | Create | Unit 2579 |
| 25:45 | Create | Villager (Male) |
| 25:45 | Create | Villager (Male) |
| 25:45 | Create | Villager (Male) |
| 25:56 | Create | Villager (Male) |
| 25:56 | Create | Villager (Male) |
| 25:57 | Create | Villager (Male) |
| 26:01 | Create | Unit 2579 |
| 26:06 | Create | Unit 2579 |
| 26:24 | Create | Villager (Male) |
| 26:24 | Create | Unit 2579 |
| 26:40 | Create | Unit 2579 |
| 26:52 | Create | Unit 2579 |
| 26:53 | Create | Villager (Male) |
| 26:53 | Create | Villager (Male) |
| 26:59 | Create | Unit 2579 |
| 27:07 | Create | Unit 2579 |
| 27:16 | Build | University |
| 27:46 | Create | Unit 2579 |
| 27:46 | Create | Unit 2579 |
| 27:46 | Create | Unit 2579 |
| 27:47 | Create | Villager (Male) |
| 27:47 | Create | Villager (Male) |
| 27:53 | Create | Unit 2579 |
| 28:00 | Create | Unit 2579 |
| 28:01 | Create | Villager (Male) |
| 28:09 | Create | Unit 2579 |
| 28:16 | Build | Farm |
| 28:16 | Build | Farm |
| 28:16 | Build | Farm |
| 28:17 | Build | Farm |
| 28:17 | Build | Farm |
| 28:17 | Build | Farm |
| 28:18 | Build | Farm |
| 28:27 | Create | Unit 2579 |
| 28:29 | Create | Villager (Male) |
| 28:53 | Create | Unit 2579 |
| 28:53 | Create | Villager (Male) |
| 28:53 | Create | Villager (Male) |
Build order — Nyanko
First 150 of 542 actions detected
| 0:13 | Build | Town Center |
| 2:43 | Create | Villager (Male) |
| 2:43 | Create | Villager (Male) |
| 2:44 | Create | Villager (Male) |
| 2:52 | Build | House |
| 3:34 | Create | Villager (Male) |
| 3:34 | Create | Villager (Male) |
| 4:04 | Research | Loom |
| 4:09 | Create | Villager (Male) |
| 4:26 | Build | House |
| 4:49 | Create | Villager (Male) |
| 4:49 | Create | Villager (Male) |
| 5:00 | Build | Lumber Camp |
| 5:06 | Build | House |
| 5:20 | Create | Villager (Male) |
| 5:20 | Create | Villager (Male) |
| 6:00 | Create | Villager (Male) |
| 6:00 | Create | Villager (Male) |
| 6:32 | Create | Villager (Male) |
| 6:32 | Create | Villager (Male) |
| 6:57 | Create | Villager (Male) |
| 7:22 | Build | House |
| 7:40 | Create | Villager (Male) |
| 7:40 | Create | Villager (Male) |
| 7:49 | Build | Mill |
| 7:52 | Create | Villager (Male) |
| 8:12 | Create | Villager (Male) |
| 8:16 | Build | Palisade Wall |
| 8:55 | Create | Villager (Male) |
| 9:27 | Build | House |
| 9:29 | Create | Villager (Male) |
| 9:36 | Build | House |
| 9:46 | Build | House |
| 9:54 | Create | Villager (Male) |
| 9:57 | Build | House |
| 10:04 | Build | Mining Camp |
| 10:10 | Build | House |
| 10:22 | Create | Villager (Male) |
| 10:50 | Build | Mining Camp |
| 11:10 | Research | Feudal Age |
| 11:29 | Build | House |
| 11:44 | Build | House |
| 11:55 | Build | House |
| 13:21 | Age | Feudal Age |
| 13:25 | Build | Blacksmith |
| 13:27 | Create | Villager (Male) |
| 13:27 | Create | Villager (Male) |
| 13:37 | Build | Market |
| 13:55 | Build | Palisade Wall |
| 13:58 | Build | Palisade Wall |
| 14:06 | Build | Palisade Wall |
| 14:08 | Build | Palisade Wall |
| 14:16 | Build | Palisade Wall |
| 14:17 | Build | Palisade Wall |
| 14:25 | Research | Castle Age |
| 14:26 | Research | Castle Age |
| 14:48 | Build | House |
| 14:59 | Research | Double-Bit Axe |
| 15:16 | Build | House |
| 16:34 | Create | Villager (Male) |
| 17:05 | Age | Castle Age |
| 17:08 | Build | Castle |
| 17:32 | Create | Villager (Male) |
| 17:41 | Build | Town Center |
| 17:45 | Create | Villager (Male) |
| 18:09 | Create | Villager (Male) |
| 18:21 | Create | War Wagon |
| 18:22 | Create | War Wagon |
| 18:25 | Create | Villager (Male) |
| 18:41 | Create | Villager (Male) |
| 18:43 | Create | War Wagon |
| 18:55 | Create | Villager (Male) |
| 18:57 | Research | Fletching |
| 18:58 | Create | Villager (Male) |
| 19:08 | Create | War Wagon |
| 19:09 | Create | War Wagon |
| 19:12 | Create | Villager (Male) |
| 19:19 | Create | Villager (Male) |
| 19:29 | Create | Villager (Male) |
| 19:46 | Create | War Wagon |
| 19:46 | Create | War Wagon |
| 19:48 | Create | Villager (Male) |
| 19:56 | Create | Villager (Male) |
| 20:09 | Build | Mill |
| 20:10 | Create | Villager (Male) |
| 20:16 | Create | War Wagon |
| 20:16 | Create | War Wagon |
| 20:31 | Create | Villager (Male) |
| 20:40 | Create | War Wagon |
| 20:45 | Build | Farm |
| 20:47 | Build | Farm |
| 20:49 | Build | Farm |
| 20:50 | Build | Farm |
| 21:04 | Build | Mill |
| 21:10 | Create | Villager (Male) |
| 21:17 | Create | War Wagon |
| 21:24 | Create | Villager (Male) |
| 21:44 | Create | Villager (Male) |
| 21:46 | Create | War Wagon |
| 21:50 | Create | Villager (Male) |
| 22:01 | Create | Villager (Male) |
| 22:06 | Build | Farm |
| 22:08 | Build | Farm |
| 22:28 | Create | Villager (Male) |
| 22:32 | Research | Loom |
| 22:33 | Create | Villager (Male) |
| 22:34 | Create | War Wagon |
| 22:41 | Create | Villager (Male) |
| 22:59 | Create | Villager (Male) |
| 23:12 | Create | Villager (Male) |
| 23:13 | Create | Villager (Male) |
| 23:21 | Create | War Wagon |
| 23:31 | Create | Villager (Male) |
| 23:37 | Create | Villager (Male) |
| 23:57 | Build | House |
| 24:24 | Create | Villager (Male) |
| 24:28 | Create | Villager (Male) |
| 24:31 | Create | Villager (Male) |
| 24:33 | Create | War Wagon |
| 24:34 | Create | Villager (Male) |
| 24:35 | Build | Farm |
| 24:43 | Build | Town Center |
| 24:44 | Create | Villager (Male) |
| 24:49 | Create | Villager (Male) |
| 24:58 | Create | War Wagon |
| 25:00 | Create | Villager (Male) |
| 25:08 | Build | House |
| 25:09 | Build | House |
| 25:11 | Research | Town Watch |
| 25:12 | Research | Wheelbarrow |
| 25:15 | Research | Bow Saw |
| 25:16 | Research | Horse Collar |
| 25:40 | Create | War Wagon |
| 25:47 | Create | Villager (Male) |
| 25:48 | Create | Villager (Male) |
| 25:50 | Create | Villager (Male) |
| 25:53 | Build | Mining Camp |
| 25:58 | Build | House |
| 26:04 | Create | War Wagon |
| 26:07 | Create | Villager (Male) |
| 26:20 | Create | War Wagon |
| 26:24 | Create | Villager (Male) |
| 26:29 | Create | Villager (Male) |
| 26:44 | Create | Villager (Male) |
| 26:49 | Build | Farm |
| 26:55 | Create | War Wagon |
| 26:55 | Create | War Wagon |
| 26:56 | Create | Villager (Male) |
| 26:56 | Create | Villager (Male) |
| 26:57 | Create | Villager (Male) |
Build order — 1y
7 actions detected in the replay
| 0:23 | Build | Town Center |
| 2:11 | Build | House |
| 2:13 | Create | Villager (Male) |
| 2:14 | Create | Villager (Male) |
| 2:15 | Create | Villager (Male) |
| 2:15 | Create | Villager (Male) |
| 2:16 | Create | Villager (Male) |
Build order — Pyrrhos
5 actions detected in the replay
| 0:27 | Build | Town Center |
| 2:35 | Create | Villager (Male) |
| 2:35 | Create | Villager (Male) |
| 2:35 | Create | Villager (Male) |
| 2:36 | Create | Villager (Male) |
Build order — Alita
7 actions detected in the replay
| 0:26 | Build | Town Center |
| 1:05 | Build | House |
| 1:46 | Build | Palisade Wall |
| 1:48 | Build | Palisade Wall |
| 2:17 | Build | Palisade Gate |
| 2:47 | Build | Palisade Wall |
| 2:53 | Build | House |
Build order — Simplemente Amate
6 actions detected in the replay
| 0:30 | Build | Town Center |
| 2:43 | Build | House |
| 2:47 | Create | Villager (Male) |
| 2:47 | Create | Villager (Male) |
| 2:47 | Create | Villager (Male) |
| 2:48 | Create | Villager (Male) |
Match timeline
| 1:46 | Alita · wall_segment Palisade Wall x1 |
| 1:48 | Alita · wall_segment Palisade Wall x1 |
| 2:47 | Alita · wall_segment Palisade Wall x1 |
| 3:00 | Alita · resign |
| 8:16 | Nyanko · wall_segment Palisade Wall x1 |
| 12:53 | Marlin · age_up feudal |
| 13:21 | Nyanko · age_up feudal |
| 13:55 | Nyanko · wall_segment Palisade Wall x5 |
| 13:58 | Nyanko · wall_segment Palisade Wall x14 |
| 14:06 | Nyanko · wall_segment Palisade Wall x1 |
| 14:08 | Nyanko · wall_segment Palisade Wall x2 |
| 14:16 | Nyanko · wall_segment Palisade Wall x1 |
| 14:17 | Nyanko · wall_segment Palisade Wall x1 |
| 17:03 | Marlin · age_up castle |
| 17:05 | Nyanko · age_up castle |
| 17:08 | Nyanko · first_building Castle |
| 18:47 | Marlin · first_building Castle |
| 23:20 | Marlin · first_building Siege Workshop |
| 24:11 | Marlin · first_market_sell 100 wood |
| 29:36 | Nyanko · first_market_buy 100 stone |
| 33:33 | Marlin · first_building Barracks |
| 33:51 | Nyanko · first_market_sell 100 food |
| 34:47 | Marlin · first_building Archery Range |
| 34:53 | Marlin · first_market_buy 100 food |
| 35:15 | Nyanko · first_building Barracks |
| 36:36 | Nyanko · first_building Stable |
| 36:43 | Nyanko · first_building Archery Range |
| 38:47 | Marlin · age_up imperial |
| 39:21 | Nyanko · age_up imperial |
| 40:22 | Nyanko · first_building Siege Workshop |
[ AI ANALYSIS · 1 CREDIT ]
What really happened in this match?
Wolo.gg analyzes every decision: build order, eco, micro, common mistakes by bracket. Personalized analysis on WhatsApp or Discord in 30 seconds.
Civ guide
Georgians
Perfil
Jugador #17319075